Nordiques vs Red Wings

Created - 23 février 2018 at 19:31

Goals
1 2 3 T
Nordiques 0 1 2 3
Red Wings 1 1 0 2
Shots
1 2 3 T
Nordiques 14 10 7 31
Red Wings 11 14 0 25

1st period

1. Red Wings , Sam Gagner 10 (Mark Scheifele 40, Ben Hutton 11) at 6:41

Penalties :
No Penalty

2nd period

2. Nordiques , Sebastian Aho 13 (Andrei Markov 20, Ryan O'Reilly 32) at 13:41
3. Red Wings , Brandon Dubinsky 13 (Mark Scheifele 41, David Pastrnak 30) at 19:44

Penalties :
Kyle Turris (QUE) for Roughing (Minor) at 7:34

3rd period

4. Nordiques , Shayne Gostisbehere 2 (Alexander Wennberg 28) at 10:32 (PP)
5. Nordiques , Ryan O'Reilly 23 (Jamie Benn 27, Sebastian Aho 32) at 11:26 (PP)

Penalties :
Joseph Blandisi (DET) for Hooking (Minor) at 4:21, Dylan DeMelo (DET) for Butt-ending (Major / Game Misconduct) at 10:14

Goalie Stats

Roberto Luongo (QUE), 23 saves from 25 shots - (0,920), W, 28-15-5, 60:00 minutes
James Reimer (DET), 28 saves from 31 shots - (0,903), L, 23-17-4, 60:00 minutes

Players Stats for Nordiques

Player Name              G  A  P  +/- PIM S  H  SB GA TA FO     MP     PP MP  PK MP  
------------------------------------------------------------------------------------
Alexander Wennberg       0  1  1   0  0   1  1  0  1  0  0/0    15:41   3:07   0:22 
Andrei Markov            0  1  1   0  0   0  1  2  0  1  0/0    20:42   2:49   0:00 
Derek MacKenzie          0  0  0   0  0   0  0  0  0  0  1/1    10:06   0:10   0:00 
Evander Kane             0  0  0   0  0   0  2  0  1  1  0/1    16:02   3:07   0:44 
Jakub Vrana              0  0  0   0  0   3  1  0  1  1  0/0    14:44   0:40   0:00 
Jamie Benn               0  1  1  -1  0   2  3  0  0  1  1/3    19:00   3:01   1:00 
Jared Spurgeon           0  0  0  -1  0   1  2  0  0  0  0/0    24:35   4:09   1:07 
Jaromir Jagr             0  0  0   0  0   2  1  0  0  0  0/0    14:37   0:50   0:00 
Kevin Klein              0  0  0   0  0   2  2  1  0  1  0/0    15:39   0:00   0:52 
Kyle Turris              0  0  0   0  2   2  2  0  0  0  5/9    15:19   3:07   0:00 
Luke Glendening          0  0  0   0  0   2  4  0  0  0  1/3    10:18   0:00   0:00 
Morgan Rielly            0  0  0   0  0   1  0  1  0  1  0/0    21:08   2:49   1:07 
Patrik Berglund          0  0  0   0  0   0  3  0  0  0  1/4    16:11   0:50   0:46 
Paul Carey               0  0  0   0  0   4  0  0  2  0  0/0     8:52   0:00   0:00 
Ryan O'Reilly            1  1  2  -1  0   5  0  1  0  2  14/23  18:58   3:01   1:00 
Sebastian Aho            1  1  2  -1  0   3  0  0  1  1  0/0    18:12   3:01   0:06 
Shayne Gostisbehere      1  0  1  -1  0   3  1  0  0  0  0/0    23:13   4:09   0:00 
Tom Gilbert              0  0  0   0  0   0  1  0  0  0  0/0    14:43   0:00   0:52 

Players Stats for Red Wings

Player Name              G  A  P  +/- PIM S  H  SB GA TA FO     MP     PP MP  PK MP  
------------------------------------------------------------------------------------
Ben Hutton               0  1  1   1  0   1  1  0  0  0  0/0    29:03   1:07   3:33 
Brandon Dubinsky         1  0  1   0  0   2  0  0  0  1  1/1    17:16   1:02   2:20 
Cedric Paquette          0  0  0   0  0   0  3  0  0  0  1/3     9:31   0:00   1:22 
Christian Djoos          0  0  0   0  0   1  0  1  0  1  0/0    14:36   0:00   0:43 
Connor Murphy            0  0  0   0  0   0  1  1  0  1  0/0    20:03   0:52   3:14 
David Pastrnak           0  1  1   0  0   3  1  0  1  0  0/1    17:17   1:02   2:21 
Dion Phaneuf             0  0  0   1  0   2  1  1  0  0  0/0    24:36   1:07   3:33 
Dylan DeMelo             0  0  0   0  15  0  1  0  0  0  0/0     9:21   0:00   0:00 
Jake DeBrusk             0  0  0   0  0   0  0  0  0  0  0/0     8:11   0:00   0:21 
Joseph Blandisi          0  0  0   0  2   2  1  0  1  0  0/0    12:46   0:00   0:00 
Lukas Sedlak             0  0  0  -1  0   0  0  0  0  0  1/2     2:39   0:05   0:00 
Mark Scheifele           0  2  2   1  0   6  3  0  1  1  12/24  23:50   1:02   3:30 
Matt Nieto               0  0  0   0  0   1  1  0  1  0  0/0    11:56   0:00   0:00 
Nick Bonino              0  0  0   0  0   2  1  1  0  1  3/5    16:18   0:00   3:31 
Oscar Lindberg           0  0  0   1  0   1  2  0  0  0  3/7    18:07   0:52   0:00 
Paul Martin              0  0  0   0  0   0  0  1  0  1  0/0    21:07   0:52   2:42 
Sam Gagner               1  0  1   1  0   3  2  0  2  0  0/0    18:22   0:57   0:42 
Tomas Tatar              0  0  0   1  0   1  1  1  3  0  0/1    18:01   0:57   0:00 

3 Stars

1 - Mark Scheifele (DET)
2 - Ryan O'Reilly (QUE)
3 - Sam Gagner (DET)

Power Play

Nordiques - 2 on 4 Attempt(s) - 50,00%
Red Wings - 0 on 1 Attempt(s) - 0,00%

Penalty Kill

Nordiques - 1 on 1 Attempt(s) - 100,00% - Score 0 goal in Penalty Kill
Red Wings - 2 on 4 Attempt(s) - 50,00% - Score 0 goal in Penalty Kill

Team Stat

Nordiques - Hits : 24 - Faceoff Wins : 23 - Blocked Shots : 5 - Penalty Minutes : 2
Red Wings - Hits : 19 - Faceoff Wins : 21 - Blocked Shots : 6 - Penalty Minutes : 17

Official

Referees : Chris Lee and Dan O'Rourke
Linesman : Bryan Pancich and Lonnie Cameron

Game Notes

13:41 of 2nd period - Nordiques goal is going for a video replay. After video review, Goal.
Dylan DeMelo ejected from game at 10:14 of 3rd period

Finance

Level 1 -- Attendance: 5047 (84,12%) -- Ticket Income 504 700 $
Level 2 -- Attendance: 5000 (100,00%) -- Ticket Income 300 000 $
Level 3 -- Attendance: 1915 (95,75%) -- Ticket Income 67 025 $
Level 4 -- Attendance: 3811 (95,28%) -- Ticket Income 76 220 $
Luxury Box -- Attendance: 721 (72,10%) -- Ticket Income 144 200 $
Game was played at the Octopus Arena.
Total Attendance: 16494 (91,63%)
Total Ticket Income: 1 092 145 $
Other Income: 535 151 $
Total Income: 1 627 296 $

Nordiques

5 vs 5 Forward 
   Center                   Left Wing                Right Wing               Time % Phy DF OF 
 1 Ryan O'Reilly            Jamie Benn               Sebastian Aho            35     0   2  3  
 2 Kyle Turris              Evander Kane             Alexander Wennberg       30     0   3  2  
 3 Patrik Berglund          Jakub Vrana              Jaromir Jagr             25     0   2  3  
 4 Luke Glendening          Derek MacKenzie          Paul Carey               10     0   2  3  

5 vs 5 Defense 
   Defense                  Defense                                           Time % Phy DF OF 
 1 Jared Spurgeon           Shayne Gostisbehere                               38     1   3  1  
 2 Andrei Markov            Morgan Rielly                                     38     1   3  1  
 3 Kevin Klein              Tom Gilbert                                       24     1   3  1  
 4 Jared Spurgeon           Shayne Gostisbehere                               0      1   3  1  

PowerPlay Forward 
   Center                   Left Wing                Right Wing               Time % Phy DF OF 
 1 Ryan O'Reilly            Jamie Benn               Sebastian Aho            50     1   1  3  
 2 Kyle Turris              Evander Kane             Alexander Wennberg       50     1   1  3  

PowerPlay Defense
   Defense                  Defense                                           Time % Phy DF OF 
 1 Jared Spurgeon           Shayne Gostisbehere                               60     1   1  3  
 2 Andrei Markov            Morgan Rielly                                     40     1   1  3  

Penalty Kill 4 Players Forward 
   Center                   Wing                     Time % Phy DF OF 
 1 Ryan O'Reilly            Jamie Benn               50     1   2  2  
 2 Patrik Berglund          Evander Kane             50     1   3  1  

Penalty Kill 4 Players Defense
   Defense                  Defense                  Time % Phy DF OF 
 1 Jared Spurgeon           Morgan Rielly            50     1   3  1  
 2 Kevin Klein              Tom Gilbert              50     1   3  1  

Penalty Kill - 3 Players Forward 
   Forward                                           Time % Phy DF OF 
 1 Ryan O'Reilly                                     50     0   3  2  
 2 Patrik Berglund                                   50     0   3  2  

Penalty Kill - 3 Players Defense
   Defense                  Defense                  Time % Phy DF OF 
 1 Jared Spurgeon           Morgan Rielly            50     1   3  1  
 2 Kevin Klein              Tom Gilbert              50     1   3  1  

4 vs 4 Forward 
   Center                   Wing                     Time % Phy DF OF 
 1 Ryan O'Reilly            Jamie Benn               50     0   2  3  
 2 Kyle Turris              Alexander Wennberg       50     0   2  3  

4 vs 4 Defense
   Defense                  Defense                  Time % Phy DF OF 
 1 Jared Spurgeon           Shayne Gostisbehere      50     1   2  2  
 2 Andrei Markov            Morgan Rielly            50     1   2  2  

Last Minutes Offensive
   Center                   Left Wing                Right Wing               Defense                  Defense                  
   Ryan O'Reilly            Jamie Benn               Sebastian Aho            Jared Spurgeon           Shayne Gostisbehere      

Last Minutes Defensive
   Center                   Left Wing                Right Wing               Defense                  Defense                  
   Ryan O'Reilly            Jamie Benn               Sebastian Aho            Jared Spurgeon           Morgan Rielly            

Goaltenders
Starting : Roberto Luongo           
Backup : Jonathan Bernier         

Extra Forwards
Normal : Ryan O'Reilly, Jamie Benn, Kyle Turris - PP : Jaromir Jagr, Patrik Berglund - PK : Ryan O'Reilly
Extra Defensemen
Normal : Kevin Klein, Tom Gilbert, Morgan Rielly - PP : Tom Gilbert - PK : Andrei Markov, Shayne Gostisbehere
Penalty Shots
Patrik Berglund, Kyle Turris, Sebastian Aho, Jamie Benn, Ryan O'Reilly
Custom OT Lines Forwards
Jamie Benn, Ryan O'Reilly, Kyle Turris, Alexander Wennberg, Sebastian Aho, Patrik Berglund, Evander Kane, Jaromir Jagr, Jakub Vrana, Luke Glendening
Custom OT Lines Defensemen
Jared Spurgeon, Andrei Markov, Morgan Rielly, Shayne Gostisbehere, Kevin Klein

Scratches
Connor Brown (Lower Body Injury), John-Michael Liles (Healthy)

Red Wings

5 vs 5 Forward 
   Center                   Left Wing                Right Wing               Time % Phy DF OF 
 1 Mark Scheifele           Brandon Dubinsky         David Pastrnak           40     1   2  2  
 2 Oscar Lindberg           Tomas Tatar              Sam Gagner               30     1   2  2  
 3 Nick Bonino              Matt Nieto               Joseph Blandisi          20     1   2  2  
 4 Cedric Paquette          Jake DeBrusk             Mark Scheifele           10     1   2  2  

5 vs 5 Defense 
   Defense                  Defense                                           Time % Phy DF OF 
 1 Ben Hutton               Dion Phaneuf                                      40     1   2  2  
 2 Connor Murphy            Paul Martin                                       30     1   2  2  
 3 Ben Hutton               Christian Djoos                                   20     1   2  2  
 4 Dylan DeMelo             Dion Phaneuf                                      10     1   2  2  

PowerPlay Forward 
   Center                   Left Wing                Right Wing               Time % Phy DF OF 
 1 Mark Scheifele           Brandon Dubinsky         David Pastrnak           60     1   2  2  
 2 Oscar Lindberg           Tomas Tatar              Sam Gagner               40     1   2  2  

PowerPlay Defense
   Defense                  Defense                                           Time % Phy DF OF 
 1 Ben Hutton               Dion Phaneuf                                      60     1   2  2  
 2 Connor Murphy            Paul Martin                                       40     1   2  2  

Penalty Kill 4 Players Forward 
   Center                   Wing                     Time % Phy DF OF 
 1 Mark Scheifele           Nick Bonino              60     1   2  2  
 2 Brandon Dubinsky         David Pastrnak           40     1   2  2  

Penalty Kill 4 Players Defense
   Defense                  Defense                  Time % Phy DF OF 
 1 Ben Hutton               Dion Phaneuf             60     1   2  2  
 2 Connor Murphy            Paul Martin              40     1   2  2  

Penalty Kill - 3 Players Forward 
   Forward                                           Time % Phy DF OF 
 1 Mark Scheifele                                    60     1   2  2  
 2 David Pastrnak                                    40     1   2  2  

Penalty Kill - 3 Players Defense
   Defense                  Defense                  Time % Phy DF OF 
 1 Dylan DeMelo             Dion Phaneuf             60     1   2  2  
 2 Connor Murphy            Paul Martin              40     1   2  2  

4 vs 4 Forward 
   Center                   Wing                     Time % Phy DF OF 
 1 Mark Scheifele           Tomas Tatar              60     1   2  2  
 2 Brandon Dubinsky         David Pastrnak           40     1   2  2  

4 vs 4 Defense
   Defense                  Defense                  Time % Phy DF OF 
 1 Christian Djoos          Dion Phaneuf             60     1   2  2  
 2 Connor Murphy            Paul Martin              40     1   2  2  

Last Minutes Offensive
   Center                   Left Wing                Right Wing               Defense                  Defense                  
   Mark Scheifele           Brandon Dubinsky         David Pastrnak           Connor Murphy            Dion Phaneuf             

Last Minutes Defensive
   Center                   Left Wing                Right Wing               Defense                  Defense                  
   Mark Scheifele           Brandon Dubinsky         David Pastrnak           Connor Murphy            Dion Phaneuf             

Goaltenders
Starting : James Reimer             
Backup : Anders Nilsson           

Extra Forwards
Normal : Oscar Lindberg, Lukas Sedlak, Nick Bonino - PP : Oscar Lindberg, Lukas Sedlak - PK : Nick Bonino
Extra Defensemen
Normal : Ben Hutton, Christian Djoos, Dylan DeMelo - PP : Ben Hutton - PK : Christian Djoos, Dylan DeMelo
Penalty Shots
Mark Scheifele, Nick Bonino, Brandon Dubinsky, David Pastrnak, Tomas Tatar
Custom OT Lines Forwards
Mark Scheifele, Oscar Lindberg, Brandon Dubinsky, David Pastrnak, Tomas Tatar, Nick Bonino, Sam Gagner, Matt Nieto, Cedric Paquette, Jake DeBrusk
Custom OT Lines Defensemen
Christian Djoos, Dion Phaneuf, Connor Murphy, Paul Martin, Ben Hutton

Scratches
Bryce Van Brabant (Healthy), John Carlson (Healthy), John Tavares (Healthy), Michael Zalewski (Healthy), Ryan Johnston (Healthy)

% Time on Ice - Nordiques

Lines # - Real PCT - Wanted PCT - Time Play
Normal Forward
1 - 29% - 35% - 14:16
2 - 28% - 30% - 14:06
3 - 25% - 25% - 12:38
4 - 18% - 10% - 8:52
Normal Defense
1 - 38% - 38% - 19:04
2 - 34% - 38% - 16:58
3 - 28% - 24% - 13:50
4 - 0% - 0% - 0:00
PP Forward
1 - 48% - 50% - 3:22
2 - 52% - 50% - 3:36
PP Defense
1 - 60% - 60% - 4:09
2 - 40% - 40% - 2:49
PK Forward
1 - 50% - 50% - 1:00
2 - 50% - 50% - 0:59
PK Defense
1 - 56% - 50% - 1:07
2 - 44% - 50% - 0:52
PK3 Forward
1 - 0% - 50%
2 - 0% - 50%
PK3 Defense
1 - 0% - 50%
2 - 0% - 50%
44 Forward
1 - 0% - 50%
2 - 0% - 50%
44 Defense
1 - 0% - 50%
2 - 0% - 50%
Last Minute Offensive  - 0:00
Last Minute Defensive  - 1:11
Total
Forward - 60:00
Defense - 60:00

% Time on Ice - Red Wings

Lines # - Real PCT - Wanted PCT - Time Play
Normal Forward
1 - 24% - 40% - 11:49
2 - 38% - 30% - 19:07
3 - 24% - 20% - 11:56
4 - 14% - 10% - 6:59
Normal Defense
1 - 26% - 40% - 12:54
2 - 30% - 30% - 14:56
3 - 22% - 20% - 11:07
4 - 22% - 10% - 10:54
PP Forward
1 - 52% - 60% - 1:02
2 - 48% - 40% - 0:57
PP Defense
1 - 56% - 60% - 1:07
2 - 44% - 40% - 0:52
PK Forward
1 - 93% - 60% - 6:28
2 - 7% - 40% - 0:30
PK Defense
1 - 61% - 60% - 4:16
2 - 39% - 40% - 2:42
PK3 Forward
1 - 0% - 60%
2 - 0% - 40%
PK3 Defense
1 - 0% - 60%
2 - 0% - 40%
44 Forward
1 - 0% - 60%
2 - 0% - 40%
44 Defense
1 - 0% - 60%
2 - 0% - 40%
Last Minute Offensive  - 1:12
Last Minute Defensive  - 0:00
Total
Forward - 60:00
Defense - 60:00

Play by Play

1st period


0:01 of 1st period - Ryan O'Reilly wins face-off versus Mark Scheifele in neutral zone.
0:04 of 1st period - Mark Scheifele is hit by Jamie Benn and loses puck.
1:33 of 1st period - Snap shot by Mark Scheifele.
1:33 of 1st period - Shot Misses the Net.
1:49 of 1st period - Snap shot by Patrik Berglund.
1:49 of 1st period - Shot Misses the Net.
2:05 of 1st period - Snap shot by Evander Kane.
2:05 of 1st period - Shot Blocked by Connor Murphy.
2:07 of 1st period - Snap shot by Kevin Klein.
2:07 of 1st period - Stopped by James Reimer with a rebound.
2:09 of 1st period - Snap shot by Kyle Turris.
2:09 of 1st period - Shot Blocked by Paul Martin.
2:11 of 1st period - Slapshot by Tom Gilbert.
2:11 of 1st period - Deflect By Kyle Turris.
2:11 of 1st period - Stopped by James Reimer with a rebound.
3:03 of 1st period - Slapshot by Patrik Berglund.
3:03 of 1st period - Shot Blocked by Christian Djoos.
3:05 of 1st period - Slapshot by Jaromir Jagr.
3:05 of 1st period - Stopped by James Reimer without a rebound.
3:06 of 1st period - Ryan O'Reilly wins face-off versus Cedric Paquette in Red Wings zone.
3:09 of 1st period - Snap shot by Sebastian Aho.
3:09 of 1st period - Deflect By Cedric Paquette.
3:09 of 1st period - Shot Blocked by Dion Phaneuf.
3:09 of 1st period - Puck is out of play.
3:10 of 1st period - Ryan O'Reilly wins face-off versus Oscar Lindberg in Red Wings zone.
3:17 of 1st period - Snap shot by Sebastian Aho.
3:17 of 1st period - Stopped by James Reimer with a rebound.
3:57 of 1st period - Jared Spurgeon is hit by Nick Bonino and loses puck.
4:24 of 1st period - Snap shot by Ryan O'Reilly.
4:24 of 1st period - Stopped by James Reimer with a rebound.
4:36 of 1st period - Paul Carey is hit by Dylan DeMelo and loses puck.
4:41 of 1st period - Snap shot by Mark Scheifele.
4:41 of 1st period - Stopped by Roberto Luongo with a rebound.
4:43 of 1st period - Slapshot by Dion Phaneuf.
4:43 of 1st period - Stopped by Roberto Luongo without a rebound.
4:44 of 1st period - Mark Scheifele wins face-off versus Kyle Turris in Nordiques zone.
4:49 of 1st period - Snap shot by Mark Scheifele.
4:49 of 1st period - Stopped by Roberto Luongo with a rebound.
4:51 of 1st period - Slapshot by Mark Scheifele.
4:51 of 1st period - Deflect By David Pastrnak.
4:51 of 1st period - Shot Misses the Net.
4:51 of 1st period - Puck is out of play.
4:52 of 1st period - Mark Scheifele wins face-off versus Kyle Turris in Nordiques zone.
5:27 of 1st period - Wrist shot by David Pastrnak.
5:27 of 1st period - Stopped by Roberto Luongo with a rebound.
5:29 of 1st period - Slapshot by Mark Scheifele.
5:29 of 1st period - Stopped by Roberto Luongo with a rebound.
5:31 of 1st period - Slapshot by Christian Djoos.
5:31 of 1st period - Shot Misses the Net.
5:33 of 1st period - Snap shot by Brandon Dubinsky.
5:33 of 1st period - Stopped by Roberto Luongo without a rebound.
5:34 of 1st period - Ryan O'Reilly wins face-off versus Tomas Tatar in Nordiques zone.
6:00 of 1st period - Andrei Markov is hit by Connor Murphy and loses puck.
6:31 of 1st period - Snap shot by Shayne Gostisbehere.
6:31 of 1st period - Deflect By Dion Phaneuf.
6:31 of 1st period - Stopped by James Reimer with a rebound.
6:41 of 1st period - Snap shot by Sam Gagner.
6:41 of 1st period - Goal by Sam Gagner - Nordiques : 0 - Red Wings : 1.
6:42 of 1st period - Jamie Benn wins face-off versus Mark Scheifele in neutral zone.
7:56 of 1st period - Derek MacKenzie is hit by Dion Phaneuf and loses puck.
8:40 of 1st period - Matt Nieto is hit by Tom Gilbert and loses puck.
9:07 of 1st period - Wrist shot by Jakub Vrana.
9:07 of 1st period - Stopped by James Reimer with a rebound.
9:09 of 1st period - Slapshot by Morgan Rielly.
9:09 of 1st period - Shot Misses the Net.
9:39 of 1st period - Connor Murphy is hit by Jamie Benn and loses puck.
9:46 of 1st period - Slapshot by Ryan O'Reilly.
9:46 of 1st period - Stopped by James Reimer with a rebound.
9:56 of 1st period - Brandon Dubinsky is hit by Alexander Wennberg and loses puck.
10:07 of 1st period - Wrist shot by Alexander Wennberg.
10:07 of 1st period - Stopped by James Reimer with a rebound.
10:47 of 1st period - Ryan O'Reilly is hit by Cedric Paquette and loses puck.
11:42 of 1st period - Dion Phaneuf is hit by Patrik Berglund and loses puck.
11:51 of 1st period - Wrist shot by Jaromir Jagr.
11:51 of 1st period - Stopped by James Reimer without a rebound.
11:52 of 1st period - Ryan O'Reilly wins face-off versus Nick Bonino in Red Wings zone.
12:15 of 1st period - Slapshot by Sam Gagner.
12:15 of 1st period - Stopped by Roberto Luongo without a rebound.
12:16 of 1st period - Oscar Lindberg wins face-off versus Kyle Turris in Nordiques zone.
12:25 of 1st period - Snap shot by Alexander Wennberg.
12:25 of 1st period - Shot Misses the Net.
12:27 of 1st period - Snap shot by Alexander Wennberg.
12:27 of 1st period - Deflect By Kyle Turris.
12:27 of 1st period - Stopped by James Reimer without a rebound.
12:28 of 1st period - Ryan O'Reilly wins face-off versus Mark Scheifele in Red Wings zone.
12:29 of 1st period - Snap shot by Jamie Benn.
12:29 of 1st period - Stopped by James Reimer without a rebound.
12:30 of 1st period - Mark Scheifele wins face-off versus Ryan O'Reilly in Red Wings zone.
13:25 of 1st period - Wrist shot by Joseph Blandisi.
13:25 of 1st period - Shot Blocked by Andrei Markov.
13:27 of 1st period - Snap shot by Connor Murphy.
13:27 of 1st period - Shot Blocked by Andrei Markov.
13:36 of 1st period - Icing by Luke Glendening.
13:37 of 1st period - Derek MacKenzie wins face-off versus Cedric Paquette in Nordiques zone.
13:37 of 1st period - Derek MacKenzie is hit by Mark Scheifele.
14:02 of 1st period - Wrist shot by Sam Gagner.
14:02 of 1st period - Stopped by Roberto Luongo with a rebound.
15:58 of 1st period - Mark Scheifele is hit by Jared Spurgeon and loses puck.
16:07 of 1st period - Snap shot by Morgan Rielly.
16:07 of 1st period - Deflect By Mark Scheifele.
16:07 of 1st period - Stopped by James Reimer without a rebound.
16:08 of 1st period - Ryan O'Reilly wins face-off versus Oscar Lindberg in Red Wings zone.
16:17 of 1st period - Wrist shot by Ryan O'Reilly.
16:17 of 1st period - Shot Misses the Net.
16:19 of 1st period - Snap shot by Jamie Benn.
16:19 of 1st period - Shot Blocked by Tomas Tatar.
16:27 of 1st period - Tomas Tatar is hit by Jared Spurgeon and loses puck.
16:45 of 1st period - Shayne Gostisbehere is hit by Joseph Blandisi and loses puck.
17:35 of 1st period - Icing by Connor Murphy.
17:36 of 1st period - Nick Bonino wins face-off versus Ryan O'Reilly in Red Wings zone.
17:43 of 1st period - Wrist shot by Ryan O'Reilly.
17:43 of 1st period - Stopped by James Reimer without a rebound.
17:44 of 1st period - Ryan O'Reilly wins face-off versus Oscar Lindberg in Red Wings zone.
17:45 of 1st period - Wrist shot by Sebastian Aho.
17:45 of 1st period - Shot Misses the Net.
17:53 of 1st period - Jamie Benn is hit by Tomas Tatar.
18:36 of 1st period - Wrist shot by Mark Scheifele.
18:36 of 1st period - Stopped by Roberto Luongo with a rebound.
18:44 of 1st period - Wrist shot by Mark Scheifele.
18:44 of 1st period - Stopped by Roberto Luongo without a rebound.
18:45 of 1st period - Mark Scheifele wins face-off versus Ryan O'Reilly in Nordiques zone.
18:58 of 1st period - Snap shot by David Pastrnak.
18:58 of 1st period - Shot Misses the Net.
19:45 of 1st period - Alexander Wennberg is hit by Mark Scheifele and loses puck.
Goals for this period are 0 for Nordiques vs 1 for Red Wings.
Shots for this period are 14 for Nordiques vs 11 for Red Wings.

2nd period


0:01 of 2nd period - Mark Scheifele wins face-off versus Ryan O'Reilly in neutral zone.
0:08 of 2nd period - Wrist shot by David Pastrnak.
0:08 of 2nd period - Stopped by Roberto Luongo with a rebound.
1:09 of 2nd period - Andrei Markov is hit by David Pastrnak.
1:13 of 2nd period - Slapshot by Morgan Rielly.
1:13 of 2nd period - Deflect By Paul Carey.
1:13 of 2nd period - Stopped by James Reimer with a rebound.
1:15 of 2nd period - Snap shot by Luke Glendening.
1:15 of 2nd period - Stopped by James Reimer with a rebound.
1:27 of 2nd period - Snap shot by Sam Gagner.
1:27 of 2nd period - Shot Misses the Net.
1:35 of 2nd period - Sam Gagner is hit by Shayne Gostisbehere and loses puck.
2:04 of 2nd period - Icing by Ben Hutton.
2:05 of 2nd period - Cedric Paquette wins face-off versus Patrik Berglund in Red Wings zone.
2:13 of 2nd period - Off-side.
2:14 of 2nd period - Ryan O'Reilly wins face-off versus Mark Scheifele in neutral zone.
2:28 of 2nd period - Icing by Ryan O'Reilly.
2:29 of 2nd period - Mark Scheifele wins face-off versus Jamie Benn in Nordiques zone.
2:46 of 2nd period - Snap shot by Jamie Benn.
2:46 of 2nd period - Stopped by James Reimer without a rebound.
2:47 of 2nd period - Kyle Turris wins face-off versus Oscar Lindberg in Red Wings zone.
2:55 of 2nd period - Slapshot by Evander Kane.
2:55 of 2nd period - Shot Misses the Net.
3:15 of 2nd period - Wrist shot by David Pastrnak.
3:15 of 2nd period - Shot Misses the Net.
3:35 of 2nd period - Snap shot by Matt Nieto.
3:35 of 2nd period - Deflect By Joseph Blandisi.
3:35 of 2nd period - Stopped by Roberto Luongo with a rebound.
3:43 of 2nd period - Snap shot by Joseph Blandisi.
3:43 of 2nd period - Stopped by Roberto Luongo with a rebound.
4:17 of 2nd period - Snap shot by Kyle Turris.
4:17 of 2nd period - Shot Misses the Net.
4:31 of 2nd period - Connor Murphy is hit by Jakub Vrana and loses puck.
4:57 of 2nd period - Wrist shot by Joseph Blandisi.
4:57 of 2nd period - Shot Blocked by Ryan O'Reilly.
5:33 of 2nd period - Christian Djoos is hit by Luke Glendening and loses puck.
5:38 of 2nd period - Slapshot by Jared Spurgeon.
5:38 of 2nd period - Deflect By Oscar Lindberg.
5:38 of 2nd period - Stopped by James Reimer with a rebound.
6:20 of 2nd period - Wrist shot by Ryan O'Reilly.
6:20 of 2nd period - Shot Misses the Net.
6:22 of 2nd period - Snap shot by Jamie Benn.
6:22 of 2nd period - Shot Misses the Net.
7:00 of 2nd period - Slapshot by Andrei Markov.
7:00 of 2nd period - Shot Hit the Post.
7:02 of 2nd period - Snap shot by Luke Glendening.
7:02 of 2nd period - Stopped by James Reimer without a rebound.
7:03 of 2nd period - Nick Bonino wins face-off versus Ryan O'Reilly in Red Wings zone.
7:03 of 2nd period - Nick Bonino is hit by Kevin Klein.
7:09 of 2nd period - Slapshot by Matt Nieto.
7:09 of 2nd period - Shot Blocked by Kevin Klein.
7:11 of 2nd period - Slapshot by Dion Phaneuf.
7:11 of 2nd period - Stopped by Roberto Luongo without a rebound.
7:12 of 2nd period - Nick Bonino wins face-off versus Jamie Benn in Nordiques zone.
7:17 of 2nd period - Wrist shot by Matt Nieto.
7:17 of 2nd period - Stopped by Roberto Luongo with a rebound.
7:19 of 2nd period - Slapshot by Nick Bonino.
7:19 of 2nd period - Stopped by Roberto Luongo with a rebound.
7:29 of 2nd period - Wrist shot by Nick Bonino.
7:29 of 2nd period - Shot Misses the Net.
7:31 of 2nd period - Wrist shot by Nick Bonino.
7:31 of 2nd period - Stopped by Roberto Luongo without a rebound.
7:32 of 2nd period - Kyle Turris wins face-off versus Mark Scheifele in Nordiques zone.
7:34 of 2nd period - Minor Penalty to Kyle Turris for Roughing.
7:35 of 2nd period - Mark Scheifele wins face-off versus Ryan O'Reilly in Nordiques zone.
7:39 of 2nd period - Wrist shot by David Pastrnak.
7:39 of 2nd period - Shot Blocked by Morgan Rielly.
7:41 of 2nd period - Slapshot by Dion Phaneuf.
7:41 of 2nd period - Shot Misses the Net.
7:43 of 2nd period - Snap shot by Mark Scheifele.
7:43 of 2nd period - Stopped by Roberto Luongo with a rebound.
7:45 of 2nd period - Slapshot by Dion Phaneuf.
7:45 of 2nd period - Shot Misses the Net.
8:01 of 2nd period - Ryan O'Reilly is hit by Sam Gagner and loses puck.
9:34 of 2nd period - Penalty to Kyle Turris is over, Kyle Turris is back on ice.
9:40 of 2nd period - Ben Hutton is hit by Luke Glendening and loses puck.
9:45 of 2nd period - Backhand shot by Paul Carey.
9:45 of 2nd period - Stopped by James Reimer with a rebound.
9:47 of 2nd period - Wrist shot by Paul Carey.
9:47 of 2nd period - Stopped by James Reimer with a rebound.
10:14 of 2nd period - Nick Bonino is hit by Evander Kane and loses puck.
11:14 of 2nd period - Wrist shot by Matt Nieto.
11:14 of 2nd period - Shot Hit the Post.
11:31 of 2nd period - Paul Carey is hit by Cedric Paquette and loses puck.
13:16 of 2nd period - Patrik Berglund is hit by Sam Gagner and loses puck.
13:24 of 2nd period - Icing by Kevin Klein.
13:25 of 2nd period - Lukas Sedlak wins face-off versus Evander Kane in Nordiques zone.
13:26 of 2nd period - Slapshot by David Pastrnak.
13:26 of 2nd period - Stopped by Roberto Luongo without a rebound.
13:27 of 2nd period - Kyle Turris wins face-off versus David Pastrnak in Nordiques zone.
13:32 of 2nd period - David Pastrnak is hit by Kyle Turris.
13:35 of 2nd period - Icing by Brandon Dubinsky.
13:36 of 2nd period - Ryan O'Reilly wins face-off versus Lukas Sedlak in Red Wings zone.
13:37 of 2nd period - Backhand shot by Sebastian Aho.
13:37 of 2nd period - Stopped by James Reimer with a rebound.
13:39 of 2nd period - Slapshot by Andrei Markov.
13:39 of 2nd period - Shot Hit the Post.
13:41 of 2nd period - Wrist shot by Sebastian Aho.
13:41 of 2nd period - Nordiques goal is going for a video replay.
13:41 of 2nd period - The goal is good.
13:41 of 2nd period - Goal by Sebastian Aho - Nordiques : 1 - Red Wings : 1.
13:42 of 2nd period - Mark Scheifele wins face-off versus Ryan O'Reilly in neutral zone.
14:08 of 2nd period - Shayne Gostisbehere is hit by Ben Hutton and loses puck.
14:52 of 2nd period - Slapshot by Shayne Gostisbehere.
14:52 of 2nd period - Stopped by James Reimer with a rebound.
16:03 of 2nd period - Dion Phaneuf is hit by Jaromir Jagr and loses puck.
16:21 of 2nd period - Snap shot by Tomas Tatar.
16:21 of 2nd period - Stopped by Roberto Luongo with a rebound.
16:23 of 2nd period - Snap shot by Oscar Lindberg.
16:23 of 2nd period - Stopped by Roberto Luongo with a rebound.
16:25 of 2nd period - Snap shot by Sam Gagner.
16:25 of 2nd period - Shot Misses the Net.
16:35 of 2nd period - Joseph Blandisi is hit by Kevin Klein and loses puck.
16:42 of 2nd period - Snap shot by Alexander Wennberg.
16:42 of 2nd period - Shot Misses the Net.
16:44 of 2nd period - Slapshot by Kevin Klein.
16:44 of 2nd period - Deflect By Alexander Wennberg.
16:44 of 2nd period - Shot Misses the Net.
16:44 of 2nd period - Puck is out of play.
16:45 of 2nd period - Oscar Lindberg wins face-off versus Patrik Berglund in Red Wings zone.
16:51 of 2nd period - Off-side.
16:52 of 2nd period - Oscar Lindberg wins face-off versus Patrik Berglund in neutral zone.
18:02 of 2nd period - Wrist shot by Tomas Tatar.
18:02 of 2nd period - Shot Misses the Net.
18:04 of 2nd period - Snap shot by Sam Gagner.
18:04 of 2nd period - Shot Misses the Net.
18:40 of 2nd period - Slapshot by Jaromir Jagr.
18:40 of 2nd period - Shot Misses the Net.
18:50 of 2nd period - Slapshot by Ben Hutton.
18:50 of 2nd period - Shot Misses the Net.
19:32 of 2nd period - Snap shot by Tomas Tatar.
19:32 of 2nd period - Shot Misses the Net.
19:34 of 2nd period - Slapshot by Ben Hutton.
19:34 of 2nd period - Stopped by Roberto Luongo with a rebound.
19:36 of 2nd period - Wrist shot by Sam Gagner.
19:36 of 2nd period - Shot Misses the Net.
19:38 of 2nd period - Slapshot by Christian Djoos.
19:38 of 2nd period - Stopped by Roberto Luongo without a rebound.
19:39 of 2nd period - Brandon Dubinsky wins face-off versus Ryan O'Reilly in Nordiques zone.
19:42 of 2nd period - Backhand shot by Mark Scheifele.
19:42 of 2nd period - Shot Misses the Net.
19:44 of 2nd period - Slapshot by Brandon Dubinsky.
19:44 of 2nd period - Goal by Brandon Dubinsky - Nordiques : 1 - Red Wings : 2.
19:45 of 2nd period - Ryan O'Reilly wins face-off versus Mark Scheifele in neutral zone.
Goals for this period are 1 for Nordiques vs 1 for Red Wings.
Shots for this period are 10 for Nordiques vs 14 for Red Wings.

3rd period


0:01 of 3rd period - Ryan O'Reilly wins face-off versus Mark Scheifele in neutral zone.
0:49 of 3rd period - Oscar Lindberg is hit by Kyle Turris.
1:54 of 3rd period - Slapshot by Joseph Blandisi.
1:54 of 3rd period - Shot Misses the Net.
2:34 of 3rd period - Off-side.
2:35 of 3rd period - Kyle Turris wins face-off versus Mark Scheifele in neutral zone.
2:52 of 3rd period - Wrist shot by Kyle Turris.
2:52 of 3rd period - Shot Misses the Net.
3:56 of 3rd period - Icing by Derek MacKenzie.
3:57 of 3rd period - Luke Glendening wins face-off versus Nick Bonino in Nordiques zone.
3:57 of 3rd period - Luke Glendening is hit by Matt Nieto.
4:21 of 3rd period - Minor Penalty to Joseph Blandisi for Hooking.
4:22 of 3rd period - Mark Scheifele wins face-off versus Ryan O'Reilly in Red Wings zone.
4:30 of 3rd period - Snap shot by Sebastian Aho.
4:30 of 3rd period - Shot Misses the Net.
6:21 of 3rd period - Penalty to Joseph Blandisi is over, Joseph Blandisi is back on ice.
6:54 of 3rd period - Slapshot by Derek MacKenzie.
6:54 of 3rd period - Shot Misses the Net.
6:56 of 3rd period - Snap shot by Paul Carey.
6:56 of 3rd period - Stopped by James Reimer with a rebound.
6:58 of 3rd period - Backhand shot by Paul Carey.
6:58 of 3rd period - Shot Misses the Net.
7:08 of 3rd period - Ben Hutton is hit by Patrik Berglund.
8:12 of 3rd period - Kevin Klein is hit by Oscar Lindberg and loses puck.
8:16 of 3rd period - Icing by Derek MacKenzie.
8:17 of 3rd period - Mark Scheifele wins face-off versus Luke Glendening in Nordiques zone.
8:26 of 3rd period - Brandon Dubinsky is hit by Luke Glendening and loses puck.
8:44 of 3rd period - Slapshot by Kevin Klein.
8:44 of 3rd period - Deflect By Tomas Tatar.
8:44 of 3rd period - Stopped by James Reimer with a rebound.
9:30 of 3rd period - Icing by Kevin Klein.
9:31 of 3rd period - Mark Scheifele wins face-off versus Luke Glendening in Nordiques zone.
10:14 of 3rd period - Major / Game Misconduct Penalty to Dylan DeMelo for Butt-ending.
10:14 of 3rd period - Dylan DeMelo is ejected from game.
10:15 of 3rd period - Mark Scheifele wins face-off versus Kyle Turris in Red Wings zone.
10:30 of 3rd period - Slapshot by Shayne Gostisbehere.
10:30 of 3rd period - Shot Misses the Net.
10:32 of 3rd period - Slapshot by Shayne Gostisbehere.
10:32 of 3rd period - Goal by Shayne Gostisbehere - Nordiques : 2 - Red Wings : 2.
10:33 of 3rd period - Ryan O'Reilly wins face-off versus Mark Scheifele in neutral zone.
10:36 of 3rd period - Slapshot by Shayne Gostisbehere.
10:36 of 3rd period - Shot Blocked by Nick Bonino.
10:46 of 3rd period - Snap shot by Jamie Benn.
10:46 of 3rd period - Deflect By Ryan O'Reilly.
10:46 of 3rd period - Stopped by James Reimer without a rebound.
10:47 of 3rd period - Kyle Turris wins face-off versus Mark Scheifele in Red Wings zone.
11:26 of 3rd period - Wrist shot by Ryan O'Reilly.
11:26 of 3rd period - Goal by Ryan O'Reilly - Nordiques : 3 - Red Wings : 2.
11:27 of 3rd period - Ryan O'Reilly wins face-off versus Mark Scheifele in neutral zone.
11:42 of 3rd period - Dion Phaneuf is hit by Jamie Benn and loses puck.
12:19 of 3rd period - Paul Martin is hit by Evander Kane and loses puck.
13:12 of 3rd period - Andrei Markov is hit by Cedric Paquette.
13:38 of 3rd period - David Pastrnak is hit by Patrik Berglund and loses puck.
14:28 of 3rd period - Sam Gagner is hit by Andrei Markov and loses puck.
15:14 of 3rd period - Penalty to Dylan DeMelo is over, Sam Gagner is send on ice.
15:23 of 3rd period - Derek MacKenzie is hit by Oscar Lindberg and loses puck.
17:29 of 3rd period - Cedric Paquette is hit by Luke Glendening and loses puck.
19:02 of 3rd period - Jakub Vrana is hit by Mark Scheifele and loses puck.
19:18 of 3rd period - Snap shot by Jakub Vrana.
19:18 of 3rd period - Stopped by James Reimer with a rebound.
19:51 of 3rd period - Icing by David Pastrnak.
19:52 of 3rd period - Patrik Berglund wins face-off versus Mark Scheifele in Red Wings zone.
19:53 of 3rd period - Wrist shot by Jakub Vrana.
19:53 of 3rd period - Shot Misses the Net.
19:59 of 3rd period - Slapshot by Jakub Vrana.
19:59 of 3rd period - Stopped by James Reimer without a rebound.
Goals for this period are 2 for Nordiques vs 0 for Red Wings.
Shots for this period are 7 for Nordiques vs 0 for Red Wings.